 Dungeon Crawl Stone Soup version 0.25.0-7-g216d0a8 (webtiles) character file.

Game seed: 15041025150163499980

149 Gadfly the Chopper (level 5, 41/41 HPs)
             Began as a Demonspawn Monk on June 15, 2020.
             Quit the game on level 3 of the Dungeon.
             The game lasted 00:04:41 (3004 turns).

Gadfly the Chopper (Demonspawn Monk)                Turns: 3004, Time: 00:04:42

Health: 41/41      AC:  7    Str: 13    XL:     5   Next: 9%
Magic:  5/5        EV: 15    Int: 11    God:
Gold:   138        SH:  0    Dex: 15    Spells: 4/4 levels left

rFire    + . .     SeeInvis .   a - +0 hand axe
rCold    . . .     Gourm    .   (no shield)
rNeg     . . .     Faith    .   k - +0 ring mail
rPois    .         Spirit   .   v - +1 helmet
rElec    .         Reflect  .   (no cloak)
rCorr    .         Harm     .   (no gloves)
MR       .....                  (no boots)
Stlth    ++........             (no amulet)
HPRegen  0.13/turn              i - +4 ring of evasion
MPRegen  0.09/turn              n - ring of protection from fire

@: no status effects
A: claws 1, demonic guardian 1, nightstalker 1
a: no special abilities


You were on level 3 of the Dungeon.
You were not hungry.

You visited 1 branch of the dungeon, and saw 3 of its levels.

You collected 138 gold pieces.

Inventory:

Hand Weapons
 a - a +0 hand axe (weapon)
Missiles
 g - 18 poisoned darts (quivered)
Armour
 k - a +0 ring mail (worn)
 r - a +0 helmet
 v - a +1 helmet (worn)
Jewellery
 i - a +4 ring of evasion (left claw)
 n - a ring of protection from fire (right claw)
Scrolls
 d - a scroll of enchant armour {unknown}
 e - a scroll of magic mapping
 h - a scroll of blinking {unknown}
 j - 2 scrolls of remove curse {unknown}
 l - a scroll of fear {unknown}
 m - a scroll of enchant weapon {unknown}
 o - 3 scrolls of teleportation {unknown}
 s - a scroll of immolation {unknown}
Potions
 b - a potion of brilliance
 p - a potion of berserk rage
 q - a potion of curing
 t - a potion of stabbing {unknown}
 u - a potion of lignification {unknown}
Comestibles
 c - 3 rations
 f - 4 chunks of flesh


   Skills:
 - Level 3.0 Fighting
 * Level 4.6 Axes
 + Level 2.3 Armour
 - Level 2.6 Dodging
 - Level 1.7 Stealth


You had 4 spell levels left.
You didn't know any spells.
Your spell library was empty.

Dungeon Overview and Level Annotations

Branches:
Dungeon (3/15)

Altars:
Gozag


Innate Abilities, Weirdness & Mutations

You have sharp fingernails.
A weak demonic guardian rushes to your aid.
You are slightly more attuned to the shadows.


Message History

No target in view!
No target in view!
No target in view!
No target in view!
No target in view!
No target in view!
No target in view!
No target in view!
No target in view!
No target in view!
No target in view!
No target in view!
You see here a jackal corpse.
You butcher the jackal corpse.
f - 4 chunks of flesh (gained 3)
You see here a jackal skeleton.
You see here a helmet.
r - a helmet
Okay, then.
Are you sure you want to abandon this character and quit the game? (Confirm with "yes".)

......[.### #.##
#######...######..#######
#.........._.......
#...######.###..### ##.##
###.###..# # #.#
#........### #รท#
#.#......... #.#
#.#####.#### #@# # #.#
#...# #.# ##..# #.# #..#
.. #..# .... ###.


There were no monsters in sight!

Vanquished Creatures
  Robin (D:3)
  2 adders
  3 gnolls (D:2)
  4 oozes
  2 leopard geckos (D:1)
  2 giant cockroaches (D:2)
  17 goblins
  13 hobgoblins
  A jackal (D:3)
  A quokka (D:2)
  A ball python (D:2)
  7 bats
  4 frilled lizards
  6 kobolds
  6 rats
70 creatures vanquished.

Vanquished Creatures (collateral kills)
  A gnoll (D:2)
1 creature vanquished.

Grand Total: 71 creatures vanquished

Notes
Turn   | Place    | Note
-------+----------+-------------------------------------------
     0 | D:1      | Gadfly the Demonspawn Monk began the quest for the Orb.
     0 | D:1      | Reached XP level 1. HP: 18/18 MP: 1/1
   313 | D:1      | Reached skill level 3 in Axes
   445 | D:1      | Gained mutation: You have sharp fingernails. [demonic
                  | ancestry]
   445 | D:1      | Reached XP level 2. HP: 13/24 MP: 2/2
   701 | D:1      | Reached skill level 1 in Armour
  1090 | D:1      | Gained mutation: A weak demonic guardian rushes to your
                  | aid. [demonic ancestry]
  1090 | D:1      | Reached XP level 3. HP: 29/29 MP: 3/3
  1800 | D:2      | Reached skill level 4 in Axes
  1800 | D:2      | Reached XP level 4. HP: 16/35 MP: 4/4
  2593 | D:3      | Noticed Robin
  2628 | D:3      | Killed Robin
  2788 | D:3      | Gained mutation: You are slightly more attuned to the
                  | shadows. [demonic ancestry]
  2788 | D:3      | Reached XP level 5. HP: 40/41 MP: 5/5
  2885 | D:3      | Found an opulent altar of Gozag.
  3004 | D:3      | Quit the game

Illustrated notes

Levels and vault maps discovered:
D:1:      evilmike_arrival_hilbert_curve, layout_rooms
D:2:      layout_rooms
D:3:      layout_loops_ring, overflow_temple_1_default, corner_web_ring,
          uniq_robin

Skill      XL: |  1  2  3  4 |
---------------+-------------+-----
Axes           | 3 4 |  4.6
Armour         | 1 2 |  2.3
Fighting       | |  3.0
Dodging        | |  2.6
Stealth        | |  1.7

Action                   |  1- 3 |  4- 6 || total
-------------------------+-------+-------++-------
Melee: Hand axe          |   110 |   116 ||   226
  Use: Scroll            |       |     6 ||     6
 Stab: Distracted        |     1 |       ||     1
  Eat: Chunk             |     3 |     4 ||     7
Armor: Robe              |    12 |       ||    12
       Ring mail         |    15 |    41 ||    56
Dodge: Dodged            |   103 |    95 ||   198
